 Dungeon Crawl Stone Soup version 0.27-a0-1149-g4505690ab0 (webtiles) character file.

Game seed: 10822702125280128130

2 Sobieck the Skirmisher (level 1, -8/18 HPs)
             Began as a Demonspawn Fighter on May 12, 2021.
             Mangled by an ice beast (14 damage)
             ... on level 2 of the Dungeon.
             The game lasted 00:00:40 (322 turns).

Sobieck the Skirmisher (Demonspawn Fighter)          Turns: 322, Time: 00:00:41

Health: -8/18      AC:  6    Str: 16    XL:     1   Next: 25%
Magic:  1/1        EV:  6    Int:  9    God:
Gold:   0          SH:  8    Dex: 12    Spells: 0/0 levels left

rFire    . . .     SeeInvis .   a - +0 flail {mace}
rCold    . . .     Faith    .   c - +0 kite shield
rNeg     . . .     Spirit   .   b - +0 scale mail
rPois    .         Reflect  .   (no helmet)
rElec    .         Harm     .   (no cloak)
rCorr    .         Rampage  .   (no gloves)
Will     .....                  (no boots)
Stlth    ..........             (no amulet)
HPRegen  0.06/turn              (no ring)
MPRegen  0.07/turn              (no ring)

@: no status effects
A: no striking features
a: no special abilities


You were on level 2 of the Dungeon.
You visited 1 branch of the dungeon, and saw 2 of its levels.


   Skills:
 + Level 3.0 Fighting
 * Level 1.8 Maces & Flails
 + Level 2.7 Armour
 + Level 2.7 Shields


You couldn't memorise any spells.
You didn't know any spells.
Your spell library was empty.

Inventory:

Hand Weapons
 a - a +0 flail (weapon) {mace}
Armour
 b - a +0 scale mail (worn)
 c - a +0 kite shield (worn)
Potions
 d - a potion of might

Dungeon Overview and Level Annotations

Branches:
Dungeon (2/15)

Altars:

# ### #.#..
#.#.## ....
#
#.#####....
#<.@Y...#
#.#######
###


You could see an ice beast.


Message History

🤖 Initializing magus.rc ...
Options error: Delay interrupt name "hungry" not recognised. (~/.crawlrc:4781) ✅ Successfully initialized magus.rc [v1.9.6] Welcome, Sobieck the Demonspawn Fighter.
The bosom of this dungeon contains the transcendent artefact, the Orb of Zot.
Press ? for a list of commands and other information.
Found a staircase leading out of the dungeon.
Unknown command.
A goblin comes into view. It is wielding a +0 club.
The goblin shouts!
You block the goblin's attack.
You hit the goblin.
The goblin hits you with a +0 club. 😕 HP[-4]
You take 4 damage, and now have 14/18 hp.
MASSIVE DAMAGE!! (PAUSE)
You closely miss the goblin. The goblin closely misses you.
The goblin completely misses you.
You closely miss the goblin. The goblin hits you but does no damage.
You miss the goblin. You block the goblin's attack. x2
You closely miss the goblin. You block the goblin's attack.
The goblin hits you but does no damage.
You closely miss the goblin.
The goblin hits you with a +0 club. 😮 HP[-4]
You take 4 damage, and now have 10/18 hp.
MASSIVE DAMAGE!! (PAUSE)
You miss the goblin.
The goblin closely misses you. x2 😮 HP[+1]
You closely miss the goblin. You block the goblin's attack.
You closely miss the goblin.
The goblin hits you but does no damage. x2
You closely miss the goblin. You block the goblin's attack.
The goblin hits you but does no damage.
You closely miss the goblin. You block the goblin's attack.
You hit the goblin.
You kill the goblin!
Things that are here:
a +0 club {mace}; a goblin corpse You start resting. 😎 HP[+7]
Your hp is fully restored (18).
You see here a +0 ring mail.
Found a stone staircase leading down.
(D) Dungeon
Where to? (? - help)
There is a stone staircase leading down here.
You climb downwards.
A rat and an ice beast come into view.
There is a stone staircase leading up here.
You block the rat's attack.
You barely miss the rat. The rat bites you but does no damage.
You sock the rat!
You kill the rat!
The ice beast hits you but does no damage.
You hit the ice beast. You block the ice beast's attack.
You closely miss the ice beast. You block the ice beast's attack.
The ice beast closely misses you.
You hit the ice beast.
The ice beast hits you but does no damage.
You sock the ice beast!
The ice beast hits you but does no damage. x2
You hit the ice beast but do no damage. You block the ice beast's attack. x2
You barely miss the ice beast. The ice beast barely misses you.
You barely miss the ice beast.
The ice beast hits you but does no damage. x2
You thump the ice beast!
The ice beast hits you but does no damage.
You closely miss the ice beast. The ice beast closely misses you.
The ice beast barely misses you.
You hit the ice beast. You block the ice beast's attack. x2
You barely miss the ice beast.
The ice beast hits you but does no damage.
Your shield and scale mail prevent you from hitting the ice beast.
The ice beast hits you but does no damage.
The ice beast hits you. The ice beast freezes you!
* * * LOW HITPOINT WARNING * * *
😨 HP[-10]
You take 10 damage, and now have 8/18 hp.
MASSIVE DAMAGE!! (PAUSE)
You completely miss the ice beast. You block the ice beast's attack.
You barely miss the ice beast. The ice beast hits you.
* * * LOW HITPOINT WARNING * * *
The ice beast freezes you!
Ouch! That really hurt!
You die...

Action                   || total
-------------------------++-------
Melee: Flail             ||    28
Armor: Scale mail        ||    15
Dodge: Dodged            ||     8
Block: Kite shield       ||    15

Levels and vault maps discovered:
D:1:      dpeg_arrival_round_c, layout_basic
D:2:      layout_basic, chequers_ecumenical_altar_lobes

Notes
Turn   | Place    | Note
-------+----------+-------------------------------------------
     0 | D:1      | Sobieck the Demonspawn Fighter began the quest for the Orb.
     0 | D:1      | Reached XP level 1. HP: 18/18 MP: 1/1
     0 | D:1      | magus.rc [v1.9.6]
   304 | D:2      | Noticed an ice beast
   322 | D:2      | Mangled by an ice beast

Vanquished Creatures
  A goblin (D:1)
  A rat (D:2)
2 creatures vanquished.

Table legend:
 A = Non-vault XP
 B = Vault XP
 C = Vault XP percentage of total XP
 D = Non-vault monster count
 E = Vault monster count
 F = Vault count percentage of total count
                 A         B        C        D         E       F
            +---------+---------+-------+---------+---------+-------
      Total |       3 |       0 |   0.0 |       2 |       0 |   0.0
            +---------+---------+-------+---------+---------+-------
        D:1 |       2 |       0 |   0.0 |       1 |       0 |   0.0
        D:2 |       1 |       0 |   0.0 |       1 |       0 |   0.0
            +---------+---------+-------+---------+---------+-------

Illustrated notes

Table legend:
 A = Kills in this place as a percentage of kills in entire the game.
 B = Kills by you in this place as a percentage of kills by you in the entire game.
 C = Kills by friends in this place as a percentage of kills by friends in the entire game.
 D = Other kills in this place as a percentage of other kills in the entire game.
 E = Experience gained in this place as a percentage of experience gained in the entire game.
 F = Experience gained in this place divided by the number of levels of this place that you have seen.
                   A       B       C       D       E      F
               +-------+-------+-------+-------+-------+----------------------
         Total | 100.0 | 100.0 |   N/A |   N/A | 100.0 |   1.5
       Dungeon | 100.0 | 100.0 |   N/A |   N/A | 100.0 |   1.5
               +-------+-------+-------+-------+-------+----------------------

Table legend: (Time is in decaauts)
 A = Elapsed time spent in this place.
 B = Non-inter-level travel time spent in this place.
 C = Inter-level travel time spent in this place.
 D = Time resting spent in this place.
 E = Time spent auto-exploring this place.
 F = Levels seen in this place.
 G = Mean time per level.
                   A        B        C        D        E       F      G
               +--------+--------+--------+--------+--------+-----+--------+
         Total |    337 |    329 |      8 |    107 |    174 |   2 |  168.5 |
       Dungeon |    337 |    329 |      8 |    107 |    174 |   2 |  168.5 |
               +--------+--------+--------+--------+--------+-----+--------+

Top non-repeatable levels by time:
     D:1: 311 daAuts
     D:2: 26 daAuts
